 Dungeon Crawl Stone Soup version 0.25-a0-1133-g93ebf739aa (webtiles) character file.

Game seed: 6218455244202842349, levelgen mode: deterministic

160 vurker the Charlatan (level 5, -4/39 HPs)
             Began as a Human Artificer on May 20, 2020.
             Killed by divine providence
             ... invoked by an orc priest
              (14 damage)
             ... on level 3 of the Dungeon.
             The game lasted 00:03:24 (2638 turns).

vurker the Charlatan (Human Artificer)              Turns: 2638, Time: 00:03:25

Health: -4/39      AC:  8    Str: 13    XL:     5   Next: 69%
Magic:  7/7        EV:  7    Int: 17    God:
Gold:   135        SH:  0    Dex: 14    Spells: 4/4 levels left

rFire    . . .     SeeInvis .   a - +0 short sword
rCold    . . .     Gourm    .   (no shield)
rNeg     . . .     Faith    .   l - +0 chain mail
rPois    .         Spirit   .   (no helmet)
rElec    .         Reflect  .   (no cloak)
rCorr    .         Harm     .   (no gloves)
MR       .....                  (no boots)
Stlth    ..........             (no amulet)
HPRegen  0.13/turn              n - +6 ring of intelligence
MPRegen  0.10/turn              (no ring)

@: no status effects
A: no striking features
a: no special abilities


You were on level 3 of the Dungeon.
You were not hungry.

You visited 1 branch of the dungeon, and saw 3 of its levels.

You collected 135 gold pieces.

Inventory:

Hand Weapons
 a - a +0 short sword (weapon)
Armour
 l - a +0 chain mail (worn)
   (You found it on level 2 of the Dungeon)
Jewellery
 n - a +6 ring of intelligence (left hand)
   (You found it on level 2 of the Dungeon)
Wands
 d - a wand of enslavement (15)
 f - a wand of random effects (12)
 t - a wand of flame (7)
Scrolls
 b - a scroll of magic mapping {unknown}
 c - 3 scrolls of identify {unknown}
 h - 3 scrolls of remove curse
 i - 2 scrolls of amnesia {unknown}
 j - 2 scrolls of teleportation {unknown}
 m - a scroll of fog {unknown}
Comestibles
 e - 7 rations
 g - 3 chunks of flesh


   Skills:
 + Level 2.5 Fighting
 - Level 1.0 Short Blades
 + Level 2.2 Armour
 + Level 3.1 Dodging
 - Level 1.0 Stealth
 + Level 3.9 Evocations


You had 4 spell levels left.
You didn't know any spells.
Your spell library was empty.

Dungeon Overview and Level Annotations

Branches:
Dungeon (3/15)

Altars:
Kikubaaqudgha
Okawaru
Zin


Message History

Things that are here:
a +0 dagger; a +0 robe; an orc corpse You butcher the orc corpse.
g - 4 chunks of flesh
Things that are here:
a +0 dagger; a +0 robe; an orc skeleton
Things that are here:
a +0 dagger; a +0 robe; an orc skeleton Eating one of 4 chunks of flesh.
You eat one of the 4 chunks of flesh.
You see here a +0 trident.
You now have 135 gold pieces (gained 12).
Items here: )) รทรท a cursed -1 club; a +0 club; an orc skeleton; a jackal skeleton A leopard gecko comes into view.
The leopard gecko hisses angrily.
A leopard gecko is nearby!
A leopard gecko is nearby!
The leopard gecko bites you.
Your chain mail prevents you from hitting the leopard gecko.
The leopard gecko bites you.
The leopard gecko bites you but does no damage.
Your chain mail prevents you from hitting the leopard gecko.
The leopard gecko bites you but does no damage.
You hit the leopard gecko.
You kill the leopard gecko!
No target in view!
No target in view!
No target in view!
No target in view!
No target in view!
No target in view!
No target in view!
No target in view!
No target in view!
No target in view!
No target in view!
An orc priest comes into view. It is wielding a +0 dagger.
An orc priest is nearby!
You see here 8 gold pieces.
Aim: an orc priest, wielding a +0 dagger The orc priest flickers and vanishes!
Deactivating autopickup; reactivate with Ctrl-A.
You hear something invoke the aid of Beogh against you.
Beogh smites you!
You hear something call down the wrath of Beogh upon you.
Beogh smites you!
* * * LOW HITPOINT WARNING * * *
You hear something mumble some strange prayers to Beogh against you.
Beogh smites you!
You die...

#.#....#.. .
#.#....#.# #..
#######.#.... .##....
#<[.).#.#... .......
#####)#.##'###.......
#.#......$.....#
#.##...........#
#.##...........#
#..).@.........#
####...........#
#...........#
#...........#
#.........###
#.........#
#.........#
#.........#


There were no monsters in sight!

Vanquished Creatures
  A centaur zombie (D:2)
  An orc priest (D:3)
  2 orc wizards (D:3)
  A worm (D:2)
  2 leopard geckos
  2 orcs (D:3)
  A giant cockroach (D:2)
  6 goblins
  9 hobgoblins
  4 jackals
  4 bats
  A frilled lizard (D:1)
  6 kobolds
  2 rats (D:1)
42 creatures vanquished.

Notes
Turn   | Place    | Note
-------+----------+-------------------------------------------
     0 | D:1      | vurker the Human Artificer began the quest for the Orb.
     0 | D:1      | Reached XP level 1. HP: 15/15 MP: 3/3
   202 | D:1      | Reached XP level 2. HP: 11/21 MP: 4/4
   894 | D:1      | Reached skill level 1 in Armour
   894 | D:1      | Reached XP level 3. HP: 24/26 MP: 5/5
  1221 | D:2      | Reached XP level 4. HP: 14/33 MP: 6/6
  1445 | D:2      | Found an ancient bone altar of Kikubaaqudgha.
  1646 | D:2      | Found a glowing silver altar of Zin.
  1883 | D:2      | Found an iron altar of Okawaru.
  2315 | D:3      | Reached XP level 5. HP: 9/38 MP: 7/7
  2638 | D:3      | Killed from afar by an orc priest

Illustrated notes

Levels and vault maps discovered:
D:1:      dpeg_arrival_rooms_with_view, layout_basic, serial_bayou_pond_a
D:2:      layout_basic, okawaru_gym_becter, nicolae_overflow_hidden_temple,
          kiku_gazebo_garden_becter, first_ration, bh_walls_and_bars
D:3:      mumra_celtic_spiral_tile, layout_basic, dancing_weapons_uskayaw,
          nicolae_overflow_crystal_walls

Skill      XL: |  1  2  3  4  5 |
---------------+----------------+-----
Armour         | 1 2 |  2.2
Fighting       | 2 |  2.5
Dodging        | 3 |  3.1
Short Blades   | |  1.0
Stealth        | |  1.0
Evocations     | |  3.9

Action                   |  1- 3 |  4- 6 || total
-------------------------+-------+-------++-------
Melee: Short sword       |    83 |   120 ||   203
Evoke: Wand              |     4 |     7 ||    11
  Use: Scroll            |       |     1 ||     1
       Potion            |       |     1 ||     1
 Stab: Sleeping          |     1 |       ||     1
       Paralysed         |       |     1 ||     1
  Eat: Chunk             |       |     6 ||     6
Armor: Leather armour    |    23 |     8 ||    31
       Chain mail        |       |    51 ||    51
Dodge: Dodged            |    76 |    35 ||   111

Table legend:
 A = Non-vault XP
 B = Vault XP
 C = Vault XP percentage of total XP
 D = Non-vault monster count
 E = Vault monster count
 F = Vault count percentage of total count
                 A         B        C        D         E       F
            +---------+---------+-------+---------+---------+-------
      Total |     226 |       3 |   1.3 |      40 |       2 |   4.8
            +---------+---------+-------+---------+---------+-------
        D:1 |      29 |       3 |   9.4 |      19 |       2 |   9.5
        D:2 |      68 |       0 |   0.0 |      11 |       0 |   0.0
        D:3 |     129 |       0 |   0.0 |      10 |       0 |   0.0
            +---------+---------+-------+---------+---------+-------
